 Dungeon Crawl Stone Soup version 0.30.1-11-g7821555f0a (webtiles) character file.

Game seed: 15451643216020580538

93 GasterBasher2 the Trooper (level 4, -3/49 HPs)
             Began as an Ogre Berserker on Dec 21, 2023.
             Was a Believer of Trog.
             Killed by divine providence
             ... invoked by an orc priest
              (13 damage)
             ... on level 3 of the Dungeon on Jan 8, 2024.
             The game lasted 00:03:19 (1663 turns).

GasterBasher2 the Trooper (Ogre Berserker)          Turns: 1663, Time: 00:03:20

Health: -3/49      AC:  3    Str: 23    XL:     4   Next: 61%
Magic:  4/4        EV: 10    Int:  8    God:    Trog [**....]
Gold:   163        SH:  0    Dex:  8    Spells: 3/3 levels left

rFire   . . .        a - +0 spear
rCold   . . .        (no shield)
rNeg    . . .        b - +0 animal skin
rPois   .            (helmet restricted)
rElec   .            (no cloak)
rCorr   .            (gloves unavailable)
SInv    .            (boots unavailable)
Will    .....        (no amulet)
Stlth   +            (no ring)
HPRegen 0.28/turn    (no ring)
MPRegen 0.09/turn

%: no passive effects
@: no status effects
A: large, unfitting armour, tough skin 1
a: Renounce Religion, Berserk, Trog's Hand


You were on level 3 of the Dungeon.
You worshipped Trog.
Trog was pleased with you.
You visited 1 branch of the dungeon, and saw 3 of its levels.

You collected 163 gold pieces.

Inventory:

Hand Weapons
 a - a +0 spear (weapon)
Armour
 b - a +0 animal skin (worn)
Jewellery
 k - a +5 ring of evasion
Scrolls
 c - 2 scrolls of teleportation {unknown}
 e - a scroll of noise {unknown}
 g - 2 scrolls of identify {unknown}
 i - a scroll of amnesia {unknown}
 j - 2 scrolls of immolation {unknown}
 m - a scroll of vulnerability {unknown}
 o - a scroll of poison {unknown}
Potions
 d - 2 potions of resistance {unknown}
 f - 2 potions of curing {unknown}
 h - a potion of heal wounds {unknown}
 l - a potion of flight {unknown}
 n - a potion of attraction {unknown}


   Skills:
 + Level 4.9 Fighting
 + Level 4.0 Polearms
 + Level 3.3 Dodging
 + Level 0.3 Stealth


You had 3 spell levels left.
You didn't know any spells.
Your spell library was empty.

Dungeon Overview and Level Annotations

Branches:
Dungeon (3/15)

Altars:
Dithmenos
Zin


Innate Abilities, Weirdness & Mutations

You are too large for most types of armour.
You have tough skin. (AC +1)


Message History

The orc priest looks encouraged for a moment.
The orc misses you.
The orc wizard hits you but does no damage.
You miss the orc wizard.
The orc wizard is moderately wounded.
You closely miss the orc wizard.
The orc wizard is moderately wounded.
The orc hits you but does no damage.
The orc priest calls down the wrath of Beogh upon you.
Beogh smites you!
The orc wizard hits you with a +0 dagger.
* * * LOW HITPOINT WARNING * * *
You are too injured to fight recklessly!
You are too injured to fight recklessly!
You are too injured to fight recklessly!
You are too injured to fight recklessly!
You are too injured to fight recklessly!
You are too injured to fight recklessly!
You are too injured to fight recklessly!
You are too injured to fight recklessly!
You are too injured to fight recklessly!
You are too injured to fight recklessly!
You are too injured to fight recklessly!
You are too injured to fight recklessly!
You are too injured to fight recklessly!
You are too injured to fight recklessly!
You are too injured to fight recklessly!
You are too injured to fight recklessly!
You are too injured to fight recklessly!
You are too injured to fight recklessly!
You are too injured to fight recklessly!
You are too injured to fight recklessly!
You are too injured to fight recklessly!
You closely miss the orc wizard.
The orc wizard is moderately wounded.
The orc hits you with a +0 short sword.
* * * LOW HITPOINT WARNING * * *
The orc priest mumbles some strange prayers to Beogh against you.
Beogh smites you!
You die...

# #.# ##'## #.#
###.#######.#### #.#
...............# #.#
###..#########.# #.#
....## ......# #.# ....#
...#..# #.# ###.#
....... #.# ..#o
......o########.#
##.#o..
.....oo@........#
#.##..#...#..###########
#.# #....... #.. ######
##.


You could see an orc priest, an orc wizard and an orc.

Vanquished Creatures
  An orc priest (D:3)
  An adder (D:3)
  2 dart slugs
  An orc (D:3)
  4 ball pythons
  5 endoplasms
  2 goblins
  5 hobgoblins
  4 jackals (D:2)
  2 quokkas
  10 bats
  A frilled lizard (D:2)
  3 kobolds
  4 rats
45 creatures vanquished.

Notes
Turn   | Place    | Note
-------+----------+-------------------------------------------
     0 | D:1      | GasterBasher2 the Ogre Berserker began the quest for the
                  | Orb.
     0 | D:1      | Reached XP level 1. HP: 24/24 MP: 1/1
   174 | D:1      | Reached XP level 2. HP: 28/32 MP: 2/2
   516 | D:1      | Reached ** piety under Trog
   554 | D:1      | Reached XP level 3. HP: 28/40 MP: 3/3
  1425 | D:3      | Found a shadowy altar of Dithmenos.
  1425 | D:3      | Found a glowing silver altar of Zin.
  1457 | D:3      | Reached XP level 4. HP: 47/49 MP: 4/4
  1663 | D:3      | Killed from afar by an orc priest

Illustrated notes

Levels and vault maps discovered:
D:1:      onia_arrival_mini_spirals, layout_basic
D:2:      layout_rooms, minmay_puff
D:3:      cheibrodos_pilgrimage, layout_loops_corners,
          palyth_temple_overflow_mages, grunt_temple_overflow_open

Skill      XL: |  1  2  3  4 |
---------------+-------------+-----
Dodging        | 3 |  3.3
Polearms       | 4 |  4.0
Fighting       | |  4.9
Stealth        | |  0.3

Action                     |  1- 3 |  4- 6 || total
---------------------------+-------+-------++-------
  Melee: Spear             |   133 |    27 ||   160
   Stab: Sleeping          |     1 |       ||     1
 Armour: Animal skin       |    38 |     8 ||    46
  Dodge: Dodged            |    37 |     9 ||    46
